 Seeded DCSS version 0.29.1-15-g9cfb28693d (webtiles) character file.

Game seed: 3745309346026725077 (custom seed)

901 Mickster the Cleaver (level 8, 0/70 HPs)
             Began as a Hill Orc Berserker on Apr 13, 2023.
             Was a Believer of Trog.
             Killed by divine providence
             ... invoked by an orc priest
              (15 damage)
             ... on level 6 of the Dungeon on Apr 15, 2023.
             The game lasted 00:44:02 (4310 turns).

Mickster the Cleaver (Hill Orc Berserker)           Turns: 4310, Time: 00:44:03

Health: 0/70       AC:  7    Str: 22    XL:     8   Next: 7%
Magic:  8/8        EV: 10    Int:  7    God:    Trog [**....]
Gold:   183        SH:  5    Dex: 10    Spells: 7/7 levels left

rFire   . . .      SeeInvis .   m - +2 rapier
rCold   . . .      Faith    .   (no shield)
rNeg    . . .      Spirit   .   w - +0 scale mail
rPois   .          Reflect  +   (no helmet)
rElec   .          Harm     .   (no cloak)
rCorr   +          Rampage  .   (no gloves)
Will    .....                   o - +0 pair of boots
Stlth   ..........              d - amulet of reflection
HPRegen 0.21/turn               e - ring of resist corrosion
MPRegen 0.11/turn               (no ring)

@: on berserk cooldown, slowed, very slow
A: no striking features
a: Renounce Religion, Convert to Beogh, Berserk, Trog's Hand


You were on level 6 of the Dungeon.
You worshipped Trog.
Trog was pleased with you.
You visited 1 branch of the dungeon, and saw 6 of its levels.
You also visited: Sewer.

You collected 183 gold pieces.

Inventory:

Hand Weapons
 a - a +0 hand axe
 b - a +2 dagger of distortion
 j - a +0 war axe
 m - a +2 rapier (weapon)
 n - a +0 morningstar
 q - a +2 dagger of holy wrath
 u - a +2 vorpal hand axe
Missiles
 g - 25 poisoned darts (quivered)
 i - 24 stones
 r - a curare-tipped dart
Armour
 o - a +0 pair of boots (worn)
 w - a +0 scale mail (worn)
Jewellery
 d - an amulet of reflection (around neck)
 e - a ring of resist corrosion (left hand)
Wands
 k - a wand of flame (18)
Scrolls
 h - 2 scrolls of identify
 l - a scroll of teleportation
 t - a scroll of enchant armour
Potions
 c - a potion of lignification
 p - 2 potions of magic
 s - 3 potions of heal wounds


   Skills:
 * Level 5.8 Fighting
 * Level 0.8 Short Blades
 - Level 8.7 Axes
 * Level 2.4 Throwing
 + Level 2.5 Armour
 + Level 2.9 Dodging
 + Level 1.0 Stealth
 + Level 2.3 Shields


You had 7 spell levels left.
You didn't know any spells.
Your spell library was empty.

Dungeon Overview and Level Annotations

Branches:
Dungeon (6/15)              Sewer (visited)
 Temple: D:4-7

Altars:


Message History

Pain shoots through your body!
The orc priest shouts, "Surrender to Beogh and we'll let you live!"
The orc priest barely misses you.
You feel much better.
The orc priest hits you with a +0 morningstar!
You hit the orc priest.
The orc priest shouts, "Join the one true god or die!"
The orc priest is heavily wounded.
The orc priest hits you with a +0 morningstar.
The orc priest calls down the wrath of Beogh upon you.
Pain shoots through your body!
You closely miss the orc priest.
The orc priest is heavily wounded.
The orc priest hits you with a +0 morningstar.
* * * LOW HITPOINT WARNING * * *
You hit the orc priest.
The orc priest is severely wounded.
You feel a little less clever now. The orc priest closely misses you.
The orc priest hits you with a +0 morningstar.
* * * LOW HITPOINT WARNING * * *
You barely miss the orc priest.
The orc priest is severely wounded.
The orc priest begins to cast a cantrip, but forgets the words!
The orc priest shouts, "Beogh is our master!
Accept the truth or die!"
The orc priest barely misses you.
You hit the orc priest.
The orc priest is severely wounded.
The orc priest shouts, "Surrender to Beogh and we'll let you live!"
The orc priest casts a cantrip, but nothing happens.
The orc priest hits you with a +0 morningstar.
* * * LOW HITPOINT WARNING * * *
You hit the orc priest.
The orc priest is almost dead.
The orc priest mumbles some strange prayers to Beogh against you.
Pain shoots through your body!
* * * LOW HITPOINT WARNING * * *
The orc priest calls down the wrath of Beogh upon you.
Beogh smites you!
You die...

#.#
#.##
#..#
##.#
#.##
#..#
##)#
#†#
#@#
#o#
#.#
#.#
..#
.##
#


You could see an orc priest.

Vanquished Creatures
  An ice beast (D:6)
  A phantom (D:5)
  3 kobold brigands (Sewer)
  6 scorpions
  A jelly (D:4)
  A hound (D:4)
  An iguana (D:5)
  An orc wizard (D:6)
  An adder (D:4)
  2 worms (D:6)
  4 dart slugs
  5 orcs
  3 bats
  2 endoplasms
  4 giant cockroaches
  3 goblins
  2 hobgoblins
  4 kobolds (Sewer)
  3 quokkas
  4 ball pythons
  3 frilled lizards
  12 rats
67 creatures vanquished.

Vanquished Creatures (others)
  3 fungi (Sewer)
  19 plants
22 creatures vanquished.

Grand Total: 89 creatures vanquished

Notes
Turn   | Place    | Note
-------+----------+-------------------------------------------
     0 | D:1      | Mickster the Hill Orc Berserker began the quest for the
                  | Orb.
     0 | D:1      | Reached XP level 1. HP: 19/19 MP: 1/1
   184 | D:1      | Found a faded altar of an unknown god.
   303 | D:1      | Reached XP level 2. HP: 17/27 MP: 2/2
   859 | D:2      | Reached XP level 3. HP: 33/33 MP: 3/3
  2051 | D:4      | Noticed a scorpion
  2061 | D:4      | Killed a scorpion
  2062 | D:4      | Reached skill level 5 in Axes
  2062 | D:4      | Reached skill level 1 in Shields
  2062 | D:4      | Reached XP level 4. HP: 27/41 MP: 4/4
  2282 | D:4      | Reached XP level 5. HP: 45/47 MP: 5/5
  2405 | D:4      | Reached skill level 6 in Axes
  2514 | D:4      | Reached ** piety under Trog
  2523 | D:4      | Reached skill level 1 in Throwing
  2541 | D:5      | Entered Level 5 of the Dungeon
  2555 | D:5      | Reached XP level 6. HP: 43/55 MP: 6/6
  2558 | D:5      | Reached skill level 7 in Axes
  2598 | D:5      | Reached skill level 5 in Fighting
  2712 | D:5      | Reached XP level 7. HP: 52/61 MP: 7/7
  3337 | D:6      | Reached skill level 8 in Axes
  3346 | D:6      | Found a glowing drain.
  3353 | Sewer    | Entered a sewer
  3878 | D:6      | Reached XP level 8. HP: 70/70 MP: 8/8
  3908 | D:6      | Reached skill level 1 in Stealth
  4310 | D:6      | Killed from afar by an orc priest

Illustrated notes

Levels and vault maps discovered:
D:1:      scummos_arrival_simple_fountains, layout_loops_ring,
          shapermc_ecumenical_altar_totnotflames
D:2:      layout_basic
D:3:      wad_lake_hut, layout_basic
D:4:      layout_basic, cheibriados_altar_1, serial_shops,
          nicolae_stop_n_shop_2, nicolae_shop_stone, grunt_ministairs_1
D:5:      layout_rooms, chequers_temple_overflow_statue_of_worship,
          serial_curves, eino_curves_01, eino_curves_03
D:6:      kennysheep_steamy, layout_basic, gup_sewer_entry_bubbles

Skill      XL: |  1  2  3  4  5  6  7  8 |
---------------+-------------------------+-----
Fighting       | 4 5 |  5.8
Dodging        | 2 |  2.9
Axes           | 5 6 7 8 |  8.7
Shields        | 1 2 |  2.3
Throwing       | 1 2 |  2.4
Stealth        | 1 |  1.0
Short Blades   | |  0.8
Armour         | |  2.5

Action                   |  1- 3 |  4- 6 |  7- 9 || total
-------------------------+-------+-------+-------++-------
Melee: Hand axe          |    89 |       |       ||    89
       War axe           |    20 |    37 |   107 ||   164
       Rapier            |       |       |    35 ||    35
       Punch             |       |       |     4 ||     4
       Dagger            |       |       |     7 ||     7
Throw: Dart              |       |     3 |       ||     3
Invok: Berserk           |       |     1 |     4 ||     5
       Trog's Hand       |       |     1 |     2 ||     3
  Use: Scroll            |     4 |     2 |     7 ||    13
       Potion            |     2 |     2 |     2 ||     6
Armor: Animal skin       |     8 |     7 |    50 ||    65
       Leather armour    |     2 |       |       ||     2
       Scale mail        |       |       |     2 ||     2
Dodge: Dodged            |    48 |    18 |    78 ||   144
Block: Other             |    22 |    12 |    23 ||    57
       Reflection        |     1 |       |       ||     1
